Map: Frozen Temple

Players

PeGe - Winner!

  • Race: Protoss Protoss
  • League: Diamond

A.I. 1 (Hard)

  • Race: Terran Terran

VOD

Have the link to the VOD?

Description

Time

  • Played on: Oct. 6, 2016, 1:40 p.m.
  • Length: 11:27
Show
View Real Time Build Order
Export as new Build Order

PeGe Protoss - Winner!

Build Orders: 1 Gate Expand, Colossus Rush 

Get SALT Encoding   

  12  0:01  Probe (Chrono Boost)  
  13  0:11  Probe (Chrono Boost)  
  14  0:17  Pylon  
  14  0:22  Probe (Chrono Boost)  
  15  0:36  Probe (Chrono Boost)  
  15  0:37  Gateway  
  16  0:46  Probe (Chrono Boost)  
  16  0:48  Assimilator  
  18  0:57  Probe (Chrono Boost)  
  18  1:07  Probe (Chrono Boost)  
  19  1:21  Nexus  
  19  1:24  Probe (Chrono Boost)  
  20  1:34  Cybernetics Core  
  20  1:36  Probe (Chrono Boost)  
  21  1:42  Assimilator  
  22  1:47  Probe (Chrono Boost)  
  22  1:51  Pylon  
  22  1:57  Probe (Chrono Boost)  
  23  2:10  Mothership Core (Chrono Boost)  
  23  2:11  Adept  
  27  2:21  Warp Gate  
  27  2:28  Probe (Chrono Boost)  
  28  2:33  Probe (Chrono Boost)  
  29  2:39  Probe (Chrono Boost)  
  29  2:41  Robotics Facility  
  29  2:43  Probe (Chrono Boost)  
  31  2:49  Probe (Chrono Boost)  
  32  2:54  Probe (Chrono Boost)  
  32  2:56  Pylon  
  33  3:00  Probe (Chrono Boost)  
  33  3:05  Probe (Chrono Boost)  
  35  3:11  Probe (Chrono Boost)  
  36  3:15  Probe (Chrono Boost)  
  37  3:21  Probe (Chrono Boost)  
  37  3:26  Probe (Chrono Boost)  
  39  3:29  Robotics Bay  
  39  3:31  Gateway  
  39  3:32  Observer, Gateway, Probe (Chrono Boost)  
  41  3:37  Probe (Chrono Boost)  
  42  3:41  Pylon  
  42  3:42  Probe (Chrono Boost)  
  42  3:43  Assimilator  
  42  3:47  Assimilator  
  44  3:48  Probe (Chrono Boost)  
  44  3:53  Pylon  
  44  3:56  Warp Prism  
  44  3:58  Probe (Chrono Boost)  
  44  4:00  Probe (Chrono Boost)  
  49  4:10  Gravitic Drive  
  49  4:11  Probe x2 (Chrono Boost)  
  52  4:25  Probe x2 (Chrono Boost)  
  52  4:27  Disruptor  
  52  4:28  Stalker x2  
  56  4:31  Stalker  
  61  4:42  Pylon  
  61  4:50  Nexus  
  61  4:54  Extended Thermal Lance  
  61  4:57  Probe x2 (Chrono Boost)  
  63  5:01  Colossus  
  63  5:12  Probe (Chrono Boost)  
  69  5:14  Probe (Chrono Boost)  
  66  5:32  Stalker x3, Probe x2 (Chrono Boost)  
  74  5:36  Pylon  
  74  5:38  Pylon  
  73  5:53  Disruptor  
  73  5:55  Adept x2  
  73  5:56  Adept  
  75  6:01  Probe x2 (Chrono Boost)  
  75  6:03  Probe (Chrono Boost)  
  77  6:08  Twilight Council  
  77  6:09  Forge  
  77  6:13  Probe x2 (Chrono Boost)  
  77  6:14  Probe (Chrono Boost)  
  80  6:20  Sentry x2  
  80  6:21  Pylon  
  80  6:22  Colossus, Stalker  
  80  6:24  Probe (Chrono Boost)  
  80  6:25  Probe x2 (Chrono Boost)  
  89  6:28  Protoss Ground Weapons Level 1  
  95  6:35  Probe (Chrono Boost)  
  95  6:37  Assimilator, Probe x2 (Chrono Boost)  
  98  6:40  Assimilator  
  98  6:43  Blink  
  98  6:45  Probe (Chrono Boost)  
  99  6:49  Probe x2 (Chrono Boost)  
  99  6:52  Gateway  
  99  6:53  Gateway  
  101  6:56  Pylon  
  101  7:07  Probe (Chrono Boost)  
  102  7:11  Stalker x2  
  102  7:12  Stalker  
  102  7:15  Colossus  
  114  7:23  Pylon  
  114  7:29  Pylon  
  114  7:38  Forge  
  114  7:39  Gateway  
  114  7:40  Pylon  
  114  7:41  Gateway  
  114  7:43  Pylon  
  114  7:45  Pylon  
  114  7:56  Protoss Ground Armor Level 1  
  114  8:01  Pylon  
  114  8:02  Observer Gravitic Boosters  
  114  8:03  Pylon x2  
  114  8:04  Stalker x5, Pylon  
  124  8:08  Immortal  
  128  8:32  Gateway  
  128  8:33  Gateway  
  128  8:37  Stargate  
  128  8:38  Protoss Ground Weapons Level 2, Stargate  
  128  8:46  Charge  
  123  8:49  Stalker x5  
  123  8:50  Stalker x2  
  137  9:19  Pylon  
  137  9:22  Oracle  
  140  9:24  Oracle  
  140  9:30  Fleet Beacon, Zealot x5  
  140  9:31  Zealot  
  155  9:33  Sentry  
  150  10:04  Stalker x5  
  150  10:05  Stalker x4  
  167  10:10  Pylon  
  167  10:19  Probe (Chrono Boost)  
  168  10:28  Tempest  
  172  10:37  Nexus  
  172  10:42  Pylon  
  172  10:45  Pylon  
  170  10:59  Stalker x2  
  170  11:01  Stalker  
  180  11:06  Assimilator  
  180  11:08  Assimilator  
Show
View Real Time Build Order
Export as new Build Order

A.I. 1 (Hard) Terran 

Build Orders: MMM Bio 

Get SALT Encoding   

  12  0:00  SCV  
  13  0:13  SCV  
  14  0:20  Supply Depot  
  14  0:25  SCV  
  15  0:41  SCV  
  16  0:42  Barracks  
  16  0:50  Refinery  
  16  0:53  SCV  
  17  1:05  SCV  
  18  1:18  SCV  
  19  1:21  Supply Depot  
  19  1:30  SCV  
  19  1:31  Marine  
  21  1:40  Barracks  
  21  1:43  Orbital Command  
  21  1:48  Marine  
  21  1:51  Refinery  
  22  2:08  Supply Depot, Barracks Tech Lab  
  22  2:26  Marine  
  23  2:32  Marine  
  24  2:44  Marine  
  24  2:47  Supply Depot  
  24  2:49  Marine  
  26  2:54  SCV  
  27  3:02  Marine  
  28  3:06  SCV  
  28  3:07  Engineering Bay, Marine  
  30  3:18  SCV  
  31  3:20  Marauder  
  31  3:25  Marine  
  34  3:30  SCV  
  34  3:33  Supply Depot  
  37  3:41  Marauder  
  37  3:42  SCV  
  38  3:55  SCV  
  41  4:03  Marauder  
  43  4:24  Marauder  
  43  5:03  Barracks Tech Lab  
  43  5:04  Stimpack  
  43  5:07  Factory  
  43  5:08  Factory  
  43  5:10  Missile Turret  
  43  5:12  Command Center  
  43  5:16  Terran Infantry Weapons Level 1  
  43  5:21  Combat Shields  
  43  5:27  Marine  
  41  5:36  Marine  
  42  5:46  Missile Turret  
  42  5:49  Marine  
  42  5:53  Factory Tech Lab x2  
  42  5:56  Starport  
  38  5:58  Marine  
  38  5:59  Starport  
  30  6:07  Marine  
  31  6:17  Siege Tank  
  34  6:25  SCV  
  35  6:26  Marine, SCV, Bunker  
  37  6:34  Starport Tech Lab x2, Refinery  
  37  6:35  Marine  
  37  6:36  Refinery  
  37  6:37  SCV  
  37  6:38  SCV  
  40  6:44  Marine  
  41  6:49  SCV  
  41  6:51  SCV  
  43  6:54  Marauder  
  43  6:59  Missile Turret  
  43  7:00  Raven  
  47  7:01  SCV  
  47  7:03  SCV  
  47  7:04  Marauder  
  51  7:11  Terran Infantry Armor Level 1  
  51  7:13  SCV  
  51  7:15  SCV  
  53  7:16  Concussive Shells, Marauder  
  53  7:18  Missile Turret  
  53  7:20  Supply Depot  
  53  7:22  Siege Tank  
  58  7:24  Raven  
  58  7:25  SCV  
  58  7:27  SCV  
  62  7:31  Cyclone  
  66  7:37  SCV  
  66  7:38  Sensor Tower  
  66  7:39  SCV  
  68  7:50  SCV  
  66  7:51  SCV  
  66  7:54  Bunker  
  67  8:00  Armory  
  67  8:02  SCV  
  67  8:03  SCV  
  69  8:08  Supply Depot  
  69  8:14  SCV  
  69  8:16  SCV  
  69  8:17  Barracks  
  71  8:26  SCV  
  72  8:28  SCV  
  73  9:04  Barracks Reactor  
  73  9:13  Medivac x2, Marine  
  73  9:16  Ghost Academy  
  78  9:17  Supply Depot  
  78  9:22  Command Center  
  78  9:37  Marine  
  79  9:43  Medivac, Marine, Raven  
  79  9:44  Supply Depot  
  83  9:48  Marine  
  84  9:56  Marauder  
  62  10:00  Ghost  
  62  10:03  Marine  
  61  10:08  Marine  
  61  10:12  Raven  
  64  10:17  Marine  
  64  10:20  Marine  
  66  10:25  Marine  
  66  10:26  Raven  
  69  10:29  Marine  
  69  10:34  Marine  
  71  10:36  Refinery, SCV  
  71  10:38  Marine  
  71  10:41  SCV  
  74  10:46  Marine  
  74  10:47  Refinery, Marauder  
  54  10:52  Marine  
  54  10:56  Marine  
  28  11:04  Marine  
  28  11:08  Marine  
Tags
 
Add a new tag
Caveats
  • Supply blocks, unpowered buildings, or Contaminate may cause inaccurate times.
  • Supply counts are checked every 10 seconds.